 Dungeon Crawl Stone Soup version 0.31.0-9-g3a7656b989 (webtiles) character file.

Game seed: 4636634589060857300

28 qw the Shooter (level 3, 0/20 HPs)
             Began as a Deep Elf Hunter on Feb 2, 2024.
             Succumbed to their own poison gas
             ... on level 1 of the Dungeon.
             The game lasted 00:00:02 (501 turns).

qw the Shooter (Deep Elf Hunter)                     Turns: 501, Time: 00:00:03

Health: 0/20       AC:  6    Str: 10    XL:     3   Next: 0%
Magic:  5/5        EV:  9    Int: 13    God:
Gold:   80         SH:  0    Dex: 18    Spells: 2/2 levels left

rFire   . . .        a - +0 shortbow
rCold   . . .        (shield currently unavailable)
rNeg    . . .        f - +0 scale mail
rPois   .            (no helmet)
rElec   .            (no cloak)
rCorr   +            (no gloves)
SInv    .            (no boots)
Will    .....        (no amulet)
Stlth   +            j - ring of resist corrosion
HPRegen 0.23/turn    (no ring)
MPRegen 0.09/turn

%: no passive effects
@: lethally poisoned (0 -> -5)
A: no striking features
a: no special abilities


You were on level 1 of the Dungeon.
You visited 1 branch of the dungeon, and saw 1 of its levels.

You collected 80 gold pieces.


   Skills:
 - Level 1.5 Fighting
 + Level 6.6 Ranged Weapons
 - Level 2.4 Dodging
 - Level 1.2 Stealth


You had 2 spell levels left.
You didn't know any spells.
Your spell library was empty.

Inventory:

Hand Weapons
 a - a +0 shortbow (weapon)
Armour
 f - a +0 scale mail (worn)
Jewellery
 j - a ring of resist corrosion (left hand)
Potions
 d - a potion of resistance
 e - a potion of enlightenment
 h - a potion of might {unknown}
 k - a potion of heal wounds {unknown}

Dungeon Overview and Level Annotations

Branches:
Dungeon (1/15)

Altars:

Annotations:
D:1 1 transporter


Message History

The air fills with toxic fumes!
As you read the scroll labelled HEABEU MECI, it crumbles to dust.
It was a scroll of poison.
Partly explored, unvisited transporter.
495 ||| DROPPING scroll of butterflies.
You drop a scroll of butterflies.
Partly explored, unvisited transporter.
What level of the Dungeon? (default 1, ? - help) Sorry, I don't know how to get there.
Enter note:
Enter note:
Enter note:
Enter note:
Enter note:
Enter note:
Enter note:
Enter note:
Enter note:
Enter note:
Enter note:
Enter note:
Enter note:
Enter note:
Enter note:
Enter note:
Enter note:
Enter note: You are engulfed in poison gas.
You are poisoned.
You feel very sick.
497 ||| Stepping ~*~*~tactically~*~*~ (cloud).
You feel very sick.
Things that are here:
a scroll of butterflies; a +0 leather armour
There is a lethal amount of poison in your body!
You feel very sick.
There is a lethal amount of poison in your body!
You feel sick.
There is a lethal amount of poison in your body!
You feel sick.
There is a lethal amount of poison in your body!
You die...

#.......#........##+##
#.......¤¤0¤¤....##.##
########0¤000....##...
########0¤¤###........
#¤¤0¤¤¤¤¤¤¤¤.'........
#00¤0¤¤¤¤¤####........
#0¤¤¤0¤00¤####......##
#0¤¤¤¤¤0¤¤#.........#
#¤0¤¤@¤¤0¤#.##########
#0¤¤¤¤0¤¤0#.# #.....(.
#¤¤000¤¤¤0#.###.######
#¤¤¤0¤#####.....#
#¤¤¤¤¤# #######
#######


There were no monsters in sight!

Vanquished Creatures
  A dart slug (D:1)
  3 ball pythons (D:1)
  2 bats (D:1)
  2 endoplasms (D:1)
  2 giant cockroaches (D:1)
  3 hobgoblins (D:1)
  2 jackals (D:1)
  2 kobolds (D:1)
  3 quokkas (D:1)
  A rat (D:1)
21 creatures vanquished.

Notes
Turn   | Place    | Note
-------+----------+-------------------------------------------
     0 | D:1      | qw the Deep Elf Hunter began the quest for the Orb.
     0 | D:1      | Reached XP level 1. HP: 12/12 MP: 3/3
     0 | D:1      | 0 ||| qw: Version: 0.3-a-155-g5e7d8dd
     0 | D:1      | 0 ||| qw: Game counter: 661
     0 | D:1      | 0 ||| qw: Melee chars always use a shield: true
     0 | D:1      | 0 ||| qw: God list: Okawaru
     0 | D:1      | 0 ||| qw: Allow faded altars: false
     0 | D:1      | 0 ||| qw: Do Orc after clearing Dungeon:15 true
     0 | D:1      | 0 ||| qw: Do second Lair branch before Depths: true
     0 | D:1      | 0 ||| qw: Lair rune preference: random
     0 | D:1      | 0 ||| qw: Goals: Normal
     0 | D:1      | 0 ||| PLANNING D:1-11
    90 | D:1      | Reached skill level 6 in Ranged Weapons
    90 | D:1      | Reached XP level 2. HP: 16/16 MP: 4/4
   429 | D:1      | Reached XP level 3. HP: 20/20 MP: 5/5
   480 | D:1      | 480 ||| UPGRADING to +0 scale mail.
   490 | D:1      | 490 ||| DROPPING +0 leather armour.
   491 | D:1      | 491 ||| UPGRADING to ring of resist corrosion.
   492 | D:1      | 492 ||| READING 2 scrolls labelled GEOMEZY WIMAR.
   492 | D:1      | 492 ||| IDENTIFYING grey potion
   493 | D:1      | 493 ||| READING scroll of identify.
   493 | D:1      | 493 ||| IDENTIFYING pink potion
   494 | D:1      | 494 ||| READING scroll labelled HEABEU MECI.
   495 | D:1      | 495 ||| DROPPING scroll of butterflies.
   497 | D:1      | 497 ||| Stepping ~*~*~tactically~*~*~ (cloud).
   498 | D:1      | HP: 4/20 [poisoned by you (poison gas)]
   500 | D:1      | HP: 1/20 [poisoned by you (poison gas)]
   501 | D:1      | Succumbed to their own poison gas

Levels and vault maps discovered:
D:1:      spicycebolla_arrival_risky_transporter, layout_basic

Skill      XL: |  1 |
---------------+----+-----
Ranged Weapons | 6 |  6.6
Fighting       | |  1.5
Dodging        | |  2.4
Stealth        | |  1.2

Action                     || total
---------------------------++-------
   Fire: Shortbow          ||    66
    Use: Scroll            ||     3
 Armour: Leather armour    ||     9
  Dodge: Dodged            ||     9

Table legend:
 A = Non-vault XP
 B = Vault XP
 C = Vault XP percentage of total XP
 D = Non-vault monster count
 E = Vault monster count
 F = Vault count percentage of total count
                 A         B        C        D         E       F
            +---------+---------+-------+---------+---------+-------
      Total |      41 |       0 |   0.0 |      21 |       0 |   0.0
            +---------+---------+-------+---------+---------+-------
        D:1 |      41 |       0 |   0.0 |      21 |       0 |   0.0
            +---------+---------+-------+---------+---------+-------
